[Event "Amsterdam Chess Open 2024"]
[Site "Amsterdam"]
[Date "2024.11.03"]
[Round "6.2"]
[White "Van Rootselaar, Rik"]
[Black "Sharan, Rao"]
[Result "0-1"]
[ECO "E06"]
[WhiteElo "2248"]
[BlackElo "2401"]
[Annotator "RC"]
[PlyCount "52"]
[EventDate "2024.10.31"]
[EventType "swiss"]
[EventCountry "NED"]
[SourceTitle "playchess.com"]
[Source "ChessBase"]
[SourceQuality "1"]
[TimeControl "5400+30"]

1. d4 Nf6 2. c4 e6 3. Nf3 d5 4. g3 Be7 5. Bg2 Ne4 6. O-O f5 7. b3 Nc6 8. e3 h5 9. Ba3 Bf6 10. Nbd2 h4 11. Bb2 Bd7 12. Nxe4 dxe4 13. Nd2 Qe7 14. f3 exf3 15. Qxf3 hxg3 16. hxg3 O-O-O 17. Rab1 g5 18. b4 g4 19. Qe2 Qh7 20. Kf2 f4 21. exf4 Nxd4 22. Qe3 Bc6 23. Rh1 Qc2 24. Rxh8 Bxh8 25. Bxc6 bxc6 26. Qc3 Qh7 0-1

[Event "Amsterdam Chess Open 2024"]
[Site "Amsterdam"]
[Date "2024.11.03"]
[Round "6.3"]
[White "Van den Berg, Jeroen"]
[Black "Ragnarsson, Dagur"]
[Result "0-1"]
[ECO "B30"]
[WhiteElo "2042"]
[BlackElo "2346"]
[Annotator "RC"]
[PlyCount "74"]
[EventDate "2024.10.31"]
[EventType "swiss"]
[EventCountry "NED"]
[SourceTitle "playchess.com"]
[Source "ChessBase"]
[SourceQuality "1"]
[TimeControl "5400+30"]

1. e4 c5 2. Nf3 Nc6 3. Bb5 Nf6 4. Qe2 Nb4 5. e5 Nfd5 6. Qe4 Nc7 7. a3 Nxc2+ 8. Qxc2 Nxb5 9. Qxc5 Nc7 10. Nc3 b6 11. Qd4 Bb7 12. Qg4 g6 13. h4 h5 14. Qg3 d5 15. d4 Ba6 16. Ng5 Bg7 17. e6 fxe6 18. Bf4 Rc8 19. Qe3 Bf6 20. Rh3 Qd7 21. Bxc7 Rxc7 22. Nxe6 Rc6 23. Nf4 Bc4 24. O-O-O g5 25. Ng6 g4 26. Rhh1 Bg7 27. Ne5 Qf5 28. f4 gxf3 29. Nxf3 Re6 30. Qd2 Bh6 31. Ng5 Rg8 32. Qc2 Bxg5+ 33. hxg5 Qxc2+ 34. Kxc2 Rxg5 35. Rd2 Reg6 36. Nd1 Rxg2 37. Rxh5 Bb3+ 0-1

[Event "Amsterdam Chess Open 2024"]
[Site "Amsterdam"]
[Date "2024.11.03"]
[Round "6.4"]
[White "Schippers, Maurice"]
[Black "Kumar, Prajit Sai"]
[Result "1-0"]
[ECO "B30"]
[WhiteElo "2287"]
[BlackElo "2179"]
[Annotator "RC"]
[PlyCount "61"]
[EventDate "2024.10.31"]
[EventType "swiss"]
[EventCountry "NED"]
[SourceTitle "playchess.com"]
[Source "ChessBase"]
[SourceQuality "1"]
[TimeControl "5400+30"]

1. e4 c5 2. Nf3 Nc6 3. Bb5 e6 4. O-O Nge7 5. Re1 b6 6. c3 a6 7. Ba4 c4 8. Bc2 Ng6 9. b3 b5 10. a4 Bb7 11. d3 cxd3 12. Bxd3 b4 13. Bb2 f6 14. Nbd2 Be7 15. Nc4 a5 16. Bf1 Qc7 17. Nd4 Nxd4 18. cxd4 O-O 19. Rc1 Qd8 20. d5 f5 21. exf5 exf5 22. Bd4 Ra6 23. g3 Bg5 24. Rc2 Bf6 25. Ne3 Ra8 26. Nxf5 Bxd4 27. Nxd4 Bxd5 28. Rc5 Bb7 29. Bc4+ Kh8 30. Qh5 Qf6 31. Qxh7+ 1-0

[Event "Amsterdam Chess Open 2024"]
[Site "Amsterdam"]
[Date "2024.11.03"]
[Round "6.5"]
[White "Stolwijk, Colin"]
[Black "Bagrationi, Alexander"]
[Result "1/2-1/2"]
[ECO "B27"]
[WhiteElo "2230"]
[BlackElo "2391"]
[Annotator "RC"]
[PlyCount "235"]
[EventDate "2024.10.31"]
[EventType "swiss"]
[EventCountry "NED"]
[SourceTitle "playchess.com"]
[Source "ChessBase"]
[SourceQuality "1"]
[TimeControl "5400+30"]

1. e4 c5 2. Nf3 g6 3. c3 d5 4. e5 Nc6 5. d4 Bg7 6. Bb5 Qb6 7. Bxc6+ bxc6 8. dxc5 Qxc5 9. O-O Qb6 10. Nbd2 Nh6 11. Nb3 Ng4 12. Bf4 Ba6 13. h3 Bxf1 14. Qxf1 Nh6 15. Qc1 Ng8 16. e6 fxe6 17. Qe1 Nf6 18. Ng5 Bh6 19. Be3 Qb8 20. Nxe6 Bxe3 21. Qxe3 Qd6 22. Nbd4 Kf7 23. b4 Rhe8 24. Qh6 Rg8 25. Re1 a5 26. b5 cxb5 27. Nxb5 Qc6 28. Nbc7 g5 29. Re5 Rg6 30. Nxa8 Qxe6 31. Rxe6 Rxh6 32. Ra6 Rh4 33. Nb6 Re4 34. Rxa5 Re1+ 35. Kh2 Ke6 36. a4 Rc1 37. Rc5 Kd6 38. Rc8 d4 39. cxd4 Ra1 40. d5 Ra2 41. Rc6+ Ke5 42. Re6+ Kf5 43. Rxe7 Rxf2 44. Nd7 Nxd7 45. Rxd7 Ra2 46. Ra7 Ke5 47. Rxh7 Rxa4 48. Re7+ Kf6 49. Re6+ Kf7 50. Rd6 Ra3 51. Kg1 Ra2 52. Rd8 Rd2 53. d6 Kg7 54. Kh2 Rd3 55. d7 g4 56. hxg4 Kh7 57. Kg1 Rd2 58. Kf1 Kg7 59. Ke1 Rd6 60. Kf2 Rd3 61. Ke2 Rd4 62. Ke3 Rd1 63. Ke4 Re1+ 64. Kf5 Rf1+ 65. Ke6 Re1+ 66. Kf5 Rf1+ 67. Kg5 Rd1 68. g3 Rd5+ 69. Kh4 Rd4 70. Kh5 Rd5+ 71. g5 Rd4 72. Ra8 Rxd7 73. Ra6 Rb7 74. Ra5 Rc7 75. Rb5 Ra7 76. Rc5 Rb7 77. Rd5 Ra7 78. Re5 Rb7 79. Rf5 Rb3 80. Kg4 Rb4+ 81. Rf4 Rb3 82. Ra4 Rb7 83. Kh5 Rc7 84. Ra3 Rb7 85. Rf3 Rb5 86. g4 Ra5 87. Rf5 Ra1 88. g6 Rh1+ 89. Kg5 Ra1 90. Rf7+ Kg8 91. Rb7 Rh1 92. Rb8+ Kg7 93. Rb7+ Kg8 94. Rc7 Ra1 95. Rf7 Rh1 96. Rf5 Ra1 97. Kh6 Rh1+ 98. Rh5 Ra1 99. Rh2 Rb1 100. Rf2 Rh1+ 101. Kg5 Ra1 102. Re2 Kg7 103. Re7+ Kg8 104. g7 Ra5+ 105. Kh6 Ra6+ 106. Kh5 Rh6+ 107. Kg5 Ra6 108. Rb7 Ra1 109. Kh5 Kh7 110. Re7 Rb1 111. g5 Rb6 112. Ra7 Rc6 113. g6+ Kg8 114. Ra8+ Kxg7 115. Ra7+ Kg8 116. Kh6 Rc8 117. Rg7+ Kh8 118. Rh7+ 1/2-1/2

[Event "Amsterdam Chess Open 2024"]
[Site "Amsterdam"]
[Date "2024.11.03"]
[Round "6.6"]
[White "Brookes, Christopher"]
[Black "Braun, Vitali"]
[Result "1/2-1/2"]
[ECO "C11"]
[WhiteElo "2218"]
[BlackElo "2339"]
[Annotator "RC"]
[PlyCount "133"]
[EventDate "2024.10.31"]
[EventType "swiss"]
[EventCountry "NED"]
[SourceTitle "playchess.com"]
[Source "ChessBase"]
[SourceQuality "1"]
[TimeControl "5400+30"]

1. e4 e6 2. d4 d5 3. Nc3 Nf6 4. e5 Nfd7 5. f4 c5 6. Nf3 Nc6 7. Be3 cxd4 8. Nxd4 Bc5 9. Qd2 O-O 10. O-O-O a6 11. Kb1 Nxd4 12. Bxd4 b5 13. Qf2 Qe7 14. Bd3 Bb7 15. Rhe1 Bxd4 16. Qxd4 Qc5 17. Ne2 b4 18. Rc1 Qxd4 19. Nxd4 Nc5 20. Re3 Rfc8 21. c3 a5 22. f5 Nxd3 23. Rxd3 bxc3 24. fxe6 cxb2 25. Rxc8+ Bxc8 26. e7 Bd7 27. Kxb2 Re8 28. Nf3 Rxe7 29. Rxd5 a4 30. Nd4 g6 31. Ka3 Kg7 32. Kb4 f6 33. exf6+ Kxf6 34. g3 Be8 35. Rd6+ Ke5 36. Kc5 Rc7+ 37. Nc6+ Kf5 38. Kb6 Rd7 39. g4+ Kg5 40. Re6 Bf7 41. Re4 Bxa2 42. Rxa4 Be6 43. Ne5 Rd1 44. Nf3+ Kf6 45. Rf4+ Ke7 46. Kc5 Rf1 47. g5 Rd1 48. Re4 Rd5+ 49. Kc6 Rd6+ 50. Kc5 Rd5+ 51. Kc6 Rd6+ 52. Kc5 Kd7 53. Rd4 Rxd4 54. Kxd4 Kd6 55. Ke3 Bd5 56. Nd4 Ke5 57. h3 Bg2 58. h4 Bd5 59. Nb5 Kf5 60. Nd6+ Kg4 61. Ne8 Kxh4 62. Kf4 Bb3 63. Nf6 Bc4 64. Nxh7 Bb3 65. Ke5 Bg8 66. Nf8 Kxg5 67. Nxg6 1/2-1/2

[Event "Amsterdam Chess Open 2024"]
[Site "Amsterdam"]
[Date "2024.11.03"]
[Round "6.7"]
[White "Abdulla, Murad"]
[Black "Birkisson, Bjorn Holm"]
[Result "1/2-1/2"]
[ECO "A13"]
[WhiteElo "2329"]
[BlackElo "2165"]
[Annotator "RC"]
[PlyCount "61"]
[EventDate "2024.10.31"]
[EventType "swiss"]
[EventCountry "NED"]
[SourceTitle "playchess.com"]
[Source "ChessBase"]
[SourceQuality "1"]
[TimeControl "5400+30"]

1. Nf3 Nf6 2. g3 d5 3. Bg2 e6 4. O-O c5 5. c4 d4 6. b4 cxb4 7. Bb2 Bc5 8. e3 Nc6 9. exd4 Nxd4 10. Nxd4 Bxd4 11. Qa4+ Bd7 12. Qxb4 Bxb2 13. Qxb2 Bc6 14. Qb4 Qe7 15. a3 Rd8 16. Rd1 Bxg2 17. Kxg2 Rd7 18. Nc3 O-O 19. Qxe7 Rxe7 20. Nb5 b6 21. a4 Rd8 22. a5 Red7 23. axb6 axb6 24. d4 Kf8 25. Ra6 Rc8 26. Rc1 Nd5 27. Ra4 Nc7 28. Nxc7 Rdxc7 29. Rb4 Rd8 30. Rd1 Rdc8 31. Rc1 1/2-1/2

[Event "Amsterdam Chess Open 2024"]
[Site "Amsterdam"]
[Date "2024.11.03"]
[Round "6.8"]
[White "Pham, Khoi"]
[Black "Stojiljkovic, Stefan"]
[Result "1-0"]
[ECO "A11"]
[WhiteElo "2264"]
[BlackElo "2122"]
[Annotator "RC"]
[PlyCount "91"]
[EventDate "2024.10.31"]
[EventType "swiss"]
[EventCountry "NED"]
[SourceTitle "playchess.com"]
[Source "ChessBase"]
[SourceQuality "1"]
[TimeControl "5400+30"]

1. Nf3 d5 2. g3 Nf6 3. Bg2 Bf5 4. O-O e6 5. c4 c6 6. Qb3 Qb6 7. d3 Nbd7 8. cxd5 Qxb3 9. axb3 exd5 10. Bd2 Be7 11. b4 Bg4 12. Nd4 O-O 13. h3 Be6 14. Bc3 Rfd8 15. Nd2 Nf8 16. f4 Bd7 17. N2f3 a5 18. bxa5 c5 19. Nc2 d4 20. Bd2 Bc6 21. Na3 Bd5 22. Ne5 Bxg2 23. Kxg2 Nd5 24. Nb5 h5 25. Kf3 Ra6 26. Nc4 Rf6 27. g4 Nxf4 28. g5 Rf5 29. Bxf4 Ng6 30. Kg3 h4+ 31. Kg4 Rdd5 32. Bd2 Ne5+ 33. Nxe5 Rfxe5 34. Bf4 Rxe2 35. Rfe1 Rxg5+ 36. Kf3 Rxb2 37. Bxg5 Bxg5 38. Nd6 Rh2 39. Nxb7 Rxh3+ 40. Ke4 Bd2 41. Re2 f5+ 42. Kxf5 Bc3 43. Rf1 Re3 44. Rxe3 dxe3 45. a6 e2 46. Rh1 1-0

[Event "Amsterdam Chess Open 2024"]
[Site "Amsterdam"]
[Date "2024.11.03"]
[Round "6.9"]
[White "Van den Doel, Erik"]
[Black "Kazarian, Anna-Maja"]
[Result "1-0"]
[ECO "D45"]
[WhiteElo "2557"]
[BlackElo "2178"]
[Annotator "TA"]
[PlyCount "79"]
[EventDate "2024.10.31"]
[EventType "swiss"]
[EventCountry "NED"]
[SourceTitle "playchess.com"]
[Source "ChessBase"]
[SourceQuality "1"]
[TimeControl "5400+30"]

1. d4 d5 2. Nf3 Nf6 3. c4 c6 4. Nc3 e6 5. e3 Nbd7 6. Qc2 Be7 7. Bd3 dxc4 8. Bxc4 b5 9. Be2 Bb7 10. O-O a6 11. e4 c5 {[%emt 0:07:41] Black has an edge.} 12. d5 exd5 13. Nxd5 Nxd5 14. exd5 Nb6 15. Rd1 O-O 16. Bd3 (16. d6 $11 Bxd6 17. Ng5) 16... g6 $17 17. Bh6 Re8 18. h4 c4 (18... Nxd5 19. Be4 Qd6 (19... Bxh4 $2 20. Bxd5 Bxd5 21. Qxc5 $18) 20. Rd2 $15) (18... Qxd5 19. Bxg6 Qc4 20. Bxh7+ Kh8 21. Ne5 Qxc2 22. Bxc2 Bxh4 23. Nxf7+ Kg8 24. Nd6 $16) 19. Be2 Bxh4 20. d6 (20. Nxh4 Qxh4 21. Qd2 Rxe2 (21... Nxd5 22. Bg5 $11) 22. Qxe2 Qxh6) 20... Bf6 21. Nh2 Bg5 (21... Be4 $19 22. Qd2 Na4) 22. Ng4 $15 Bxh6 23. Nxh6+ Kg7 24. Ng4 Qg5 $2 (24... h5 $1 $17 25. Qc3+ f6) 25. d7 $1 $16 {[%emt 0:03:03][%mdl 1024] White has strong compensation.} Red8 (25... Rxe2 $16 {might work better.} 26. Qxe2 Bd5) 26. Qc3+ $18 f6 {[%emt 0:00:03][%cal Ob6d5] [#] And now ...Nd5! would win.} 27. Qa3 $2 (27. Qd4 Nd5 (27... Rxd7 $2 28. Qxb6 Re7 29. Ne3 $18) (27... Nxd7 28. Qxd7+ Rxd7 29. Rxd7+ Kf8 30. Rxb7 $11) 28. Bf3 Rxd7 $17) (27. Rd6 $1 $18 Nd5 (27... Nxd7 $2 28. Rad1 $18) 28. Qd4) 27... f5 $2 {[%emt 0:02:14][%mdl 8192] [#] Loses the game.} (27... Nd5 $1 $17 {stays on course.} 28. Bf3 (28. Qd6 $2 Qf5 $19) 28... Rxd7) 28. f4 $1 Qh4 29. Qc3+ Kg8 $2 (29... Kf7 30. Ne5+ Kg8) 30. Nf6+ Kf7 31. Rd6 Na4 32. Qe3 {[%emt 0:00:50] White wants to mate with Qe6+.} Nxb2 33. Qe6+ Kg7 34. Qe7+ Kh8 35. Qe5 Qh6 36. Qxb2 {[%emt 0:01:03] Active counter play!} (36. Re6 $142 Nd3 37. Bxd3 Rxd7 38. Re8+ (38. Nxd7+ Qg7 $18) 38... Rxe8 39. Qxe8+ (39. Nxd7+ $2 {is the wrong capture.} Rxe5 40. Nxe5 Qxf4 $19) 39... Kg7 40. Nxd7 Qh1+ 41. Kxh1) 36... Qg7 37. Kf2 g5 38. Rh1 {[%emt 0:00:14] White mates.} h6 {[%emt 0:00:04] [#]} 39. Rxh6+ $3 Qxh6 40. Ne8+ {[%emt 0:00:04] Weighted Error Value: White=0.20 (precise) /Black=0.89.  Loses game:     	---       	Black=1      Missed win:     	White=1     	---        Mistake:       	White=1     	Black=4      Inaccurate:     	White=1     	---        OK:         	White=7     	Black=5      Best:        	White=2     	Black=5      Strong:       	White=1     	---} 1-0

[Event "Amsterdam Chess Open 2024"]
[Site "Amsterdam"]
[Date "2024.11.03"]
[Round "6.10"]
[White "IJzermans, Gijs"]
[Black "Saine, Zachary"]
[Result "1/2-1/2"]
[ECO "E17"]
[WhiteElo "2098"]
[BlackElo "2038"]
[Annotator "RC"]
[PlyCount "97"]
[EventDate "2024.10.31"]
[EventType "swiss"]
[EventCountry "NED"]
[SourceTitle "playchess.com"]
[Source "ChessBase"]
[SourceQuality "1"]
[TimeControl "5400+30"]

1. c4 e6 2. g3 d5 3. Bg2 Nf6 4. Nf3 Be7 5. O-O O-O 6. b3 b6 7. Bb2 Bb7 8. d4 dxc4 9. bxc4 c5 10. e3 Nbd7 11. Nbd2 a6 12. Qb3 b5 13. Rfd1 b4 14. Ne5 Bxg2 15. Kxg2 Qc7 16. Nxd7 Qxd7 17. Kg1 Qb7 18. Qd3 Rfd8 19. Qe2 a5 20. Rac1 a4 21. Qf3 Qxf3 22. Nxf3 Nd7 23. Nd2 f5 24. Nf3 Rac8 25. d5 exd5 26. Rxd5 g6 27. Rcd1 Nb6 28. Rxd8+ Rxd8 29. Rxd8+ Bxd8 30. Nd2 Kf7 31. Kf1 Bf6 32. Bxf6 Kxf6 33. Ke2 a3 34. Kd3 Na4 35. Kc2 Ke6 36. f4 Nc3 37. Kb3 h6 38. Nf3 Nd1 39. Ne5 g5 40. Nd3 Kd6 41. fxg5 hxg5 42. h4 gxh4 43. gxh4 Nxe3 44. h5 Ng4 45. Kc2 Ne3+ 46. Kb3 Ng4 47. Kc2 Ne3+ 48. Kb3 Ng4 49. Kc2 1/2-1/2

[Event "Amsterdam Chess Open 2024"]
[Site "Amsterdam"]
[Date "2024.11.03"]
[Round "6.13"]
[White "Eefting, Martijn"]
[Black "Van der Meiden, Dirk"]
[Result "0-1"]
[ECO "A65"]
[WhiteElo "1932"]
[BlackElo "1968"]
[Annotator "RC"]
[PlyCount "53"]
[EventDate "2024.10.31"]
[EventType "swiss"]
[EventCountry "NED"]
[SourceTitle "playchess.com"]
[Source "ChessBase"]
[SourceQuality "1"]
[TimeControl "5400+30"]

1. d4 Nf6 2. c4 e6 3. Nc3 c5 4. d5 exd5 5. cxd5 d6 6. e4 g6 7. Nge2 Bg7 8. Ng3 O-O 9. Be2 Na6 10. O-O Nc7 11. a4 a6 12. Bg5 h6 13. Be3 Re8 14. Qd2 Kh7 15. f3 Rb8 16. Rab1 b5 17. axb5 axb5 18. b3 b4 19. Na4 Nfxd5 20. Bxc5 dxc5 21. Nxc5 Nc3 22. Rbd1 Nxd1 23. Rxd1 Qxd2 24. Rxd2 Be6 25. Nxe6 Nxe6 26. Bc4 Red8 27. Bd5 0-1

[Event "Amsterdam Chess Open 2024"]
[Site "Amsterdam"]
[Date "2024.11.03"]
[Round "6.14"]
[White "Nies, Levi"]
[Black "Verschoor, Scott"]
[Result "1-0"]
[ECO "B23"]
[WhiteElo "1859"]
[BlackElo "1966"]
[Annotator "RC"]
[PlyCount "111"]
[EventDate "2024.10.31"]
[EventType "swiss"]
[EventCountry "NED"]
[SourceTitle "playchess.com"]
[Source "ChessBase"]
[SourceQuality "1"]
[TimeControl "5400+30"]

1. e4 c5 2. Nc3 d6 3. Bc4 Nc6 4. d3 e6 5. f4 g6 6. Nf3 Bg7 7. O-O Nge7 8. Qe1 O-O 9. Qh4 Nd4 10. Bb3 Nxb3 11. axb3 Nc6 12. Qh3 Nd4 13. Nxd4 cxd4 14. Nb5 Qb6 15. Na3 Qc5 16. Bd2 d5 17. e5 a5 18. Kh1 Bd7 19. Qh4 f6 20. Rf3 Rf7 21. Qe1 fxe5 22. fxe5 Qc7 23. Rxf7 Kxf7 24. Bf4 Kg8 25. Qe2 Rf8 26. Bg3 Rf5 27. Re1 b5 28. Nb1 b4 29. h3 Rf8 30. Rc1 Rf5 31. Re1 Bh6 32. Qd1 Bg7 33. Qe2 Rf8 34. Qd2 Rf5 35. Kh2 h5 36. h4 Kf7 37. Bf4 Kg8 38. g3 Bc8 39. c3 dxc3 40. bxc3 bxc3 41. Qxc3 Qxc3 42. Nxc3 Rf7 43. Ra1 Rb7 44. Rxa5 Rxb3 45. Nb5 Bf8 46. Nd6 Rb8 47. Ra7 Kh8 48. Ne8 Bb7 49. Nf6 Bc5 50. Ra2 Bc6 51. Rc2 Rb5 52. d4 Bxd4 53. Rxc6 Rb2+ 54. Kh1 Rb6 55. Rc8+ Kg7 56. Rc7+ 1-0

[Event "Amsterdam Chess Open 2024"]
[Site "Amsterdam"]
[Date "2024.11.03"]
[Round "6.15"]
[White "Straat, Evert-Jan"]
[Black "Teianu, Maxim"]
[Result "1/2-1/2"]
[ECO "A84"]
[WhiteElo "1955"]
[BlackElo "1878"]
[Annotator "RC"]
[PlyCount "155"]
[EventDate "2024.10.31"]
[EventType "swiss"]
[EventCountry "NED"]
[SourceTitle "playchess.com"]
[Source "ChessBase"]
[SourceQuality "1"]
[TimeControl "5400+30"]

1. d4 e6 2. c4 b6 3. Nc3 Bb7 4. a3 f5 5. Nf3 Nf6 6. g3 Be7 7. Bg2 O-O 8. d5 Na6 9. O-O Nc5 10. Nd4 Qc8 11. Ndb5 a6 12. Nd4 Nfe4 13. Nxe4 Nxe4 14. f3 Nd6 15. dxe6 dxe6 16. Qc2 Bf6 17. Be3 c5 18. Nb3 e5 19. a4 Qe6 20. Rac1 f4 21. Bf2 fxg3 22. Bxg3 e4 23. Bxd6 Qxd6 24. Rcd1 Qe5 25. fxe4 Bg5 26. Qc3 Qc7 27. Rf5 Bf4 28. Qh3 Rxf5 29. exf5 Re8 30. Bxb7 Qxb7 31. Qf3 Qxf3 32. exf3 Re2 33. Nc1 Bxc1 34. Rxc1 Rxb2 35. a5 Kf7 36. axb6 Rxb6 37. Rd1 Rb4 38. Ra1 Kf6 39. Rxa6+ Kxf5 40. Ra7 Kg6 41. Ra6+ Kh5 42. Ra7 Kh6 43. Ra6+ g6 44. Kg2 Rxc4 45. Ra7 Rc1 46. Rc7 c4 47. h4 c3 48. Kh2 c2 49. Kg2 g5 50. hxg5+ Kxg5 51. Rc4 Kf5 52. Kh2 Ke5 53. Kg2 Kd5 54. Rc8 Kd4 55. Rd8+ Ke3 56. Re8+ Kf4 57. Re4+ Kf5 58. Rc4 h5 59. Kh2 h4 60. Kg2 h3+ 61. Kh2 Ke5 62. f4+ Kf5 63. Rc8 Kxf4 64. Rf8+ Ke5 65. Re8+ Kd6 66. Rc8 Kd7 67. Rc3 Ke6 68. Rc8 Ke7 69. Rc3 Kd7 70. Rc4 Kd6 71. Rc8 Kd5 72. Rd8+ Kc5 73. Rc8+ Kb6 74. Rc3 Kb5 75. Rc8 Kb4 76. Rc7 Kb3 77. Rb7+ Kc3 78. Rc7+ 1/2-1/2

[Event "Amsterdam Chess Open 2024"]
[Site "Amsterdam"]
[Date "2024.11.03"]
[Round "6.16"]
[White "Krylov, Philippe"]
[Black "Makhmud, Adi"]
[Result "1-0"]
[ECO "D31"]
[WhiteElo "1950"]
[BlackElo "1941"]
[Annotator "RC"]
[PlyCount "99"]
[EventDate "2024.10.31"]
[EventType "swiss"]
[EventCountry "NED"]
[SourceTitle "playchess.com"]
[Source "ChessBase"]
[SourceQuality "1"]
[TimeControl "5400+30"]

1. d4 d5 2. c4 e6 3. Nc3 a6 4. cxd5 exd5 5. Bf4 Nf6 6. e3 Bd6 7. Bxd6 Qxd6 8. Bd3 O-O 9. Qc2 Be6 10. Nf3 Nbd7 11. h3 c5 12. dxc5 Nxc5 13. Nd4 Rac8 14. O-O b5 15. a3 Qd7 16. Qe2 Nce4 17. Bxe4 dxe4 18. Nxe6 Qxe6 19. Rfd1 Rfd8 20. Rxd8+ Rxd8 21. Rd1 Rd6 22. Rxd6 Qxd6 23. Qd1 Qxd1+ 24. Nxd1 Nd5 25. Kf1 Kf8 26. Ke2 Ke7 27. Kd2 Kd6 28. Nc3 f5 29. Nxd5 Kxd5 30. Kc3 a5 31. b3 g6 32. g3 h6 33. h4 g5 34. hxg5 hxg5 35. a4 Kc5 36. axb5 Kxb5 37. Kc2 Kb4 38. Kb2 g4 39. Kc2 Ka3 40. Kc3 Ka2 41. b4 axb4+ 42. Kxb4 Kb2 43. Kc4 Kc2 44. Kd4 Kd2 45. Ke5 Ke2 46. Kxf5 Kf3 47. Kg5 Kxf2 48. Kf4 Kg2 49. Kxg4 Kf2 50. Kf4 1-0

[Event "Amsterdam Chess Open 2024"]
[Site "Amsterdam"]
[Date "2024.11.03"]
[Round "6.18"]
[White "Schoonackers, Jeroen"]
[Black "Heus, Daan"]
[Result "1-0"]
[ECO "D31"]
[WhiteElo "1983"]
[BlackElo "1914"]
[Annotator "RC"]
[PlyCount "89"]
[EventDate "2024.10.31"]
[EventType "swiss"]
[EventCountry "NED"]
[SourceTitle "playchess.com"]
[Source "ChessBase"]
[SourceQuality "1"]
[TimeControl "5400+30"]

1. d4 d5 2. c4 e6 3. Nc3 a6 4. cxd5 exd5 5. Bf4 Nf6 6. e3 Bd6 7. Bg3 Bf5 8. Nf3 O-O 9. Nh4 Bg6 10. Nxg6 hxg6 11. Qb3 b6 12. Be2 Nc6 13. Bf3 Ne7 14. Be5 c6 15. Bxd6 Qxd6 16. Qxb6 Rfb8 17. Qa5 Rxb2 18. O-O Qb4 19. Qxb4 Rxb4 20. Rfb1 Rab8 21. Rxb4 Rxb4 22. Rb1 Rxb1+ 23. Nxb1 Ne4 24. Bxe4 dxe4 25. Nd2 f5 26. Nb3 Nd5 27. Nc5 a5 28. a4 g5 29. Nb7 Nb6 30. Nxa5 Nxa4 31. Nxc6 Kf7 32. Kf1 Nc3 33. Ke1 Nd5 34. Kd2 g4 35. Ne5+ Ke6 36. Ng6 Nf6 37. Nf4+ Kd6 38. Ne2 g5 39. Nc3 f4 40. g3 f3 41. Kc2 Kc6 42. Kb3 Kd6 43. Kc4 Kc6 44. d5+ Kc7 45. Kd4 1-0

[Event "Amsterdam Chess Open 2024"]
[Site "Amsterdam"]
[Date "2024.11.03"]
[Round "6.19"]
[White "Dolgopolov, Oleksandr"]
[Black "Ponomarev, Ivan"]
[Result "0-1"]
[ECO "B20"]
[WhiteElo "1818"]
[BlackElo "1969"]
[Annotator "RC"]
[PlyCount "42"]
[EventDate "2024.10.31"]
[EventType "swiss"]
[EventCountry "NED"]
[SourceTitle "playchess.com"]
[Source "ChessBase"]
[SourceQuality "1"]
[TimeControl "5400+30"]

1. e4 c5 2. b3 Nc6 3. Bb2 d6 4. Bb5 Bd7 5. f4 Nf6 6. Nc3 g6 7. Bxc6 Bxc6 8. Qe2 Bg7 9. O-O-O O-O 10. g4 a6 11. h4 h5 12. g5 Ng4 13. Nh3 b5 14. Rhg1 b4 15. Nd5 a5 16. Nf2 Nxf2 17. Qxf2 a4 18. f5 Bxd5 19. exd5 axb3 20. axb3 Bxb2+ 21. Kxb2 Ra2+ 0-1

[Event "Amsterdam Chess Open 2024"]
[Site "Amsterdam"]
[Date "2024.11.03"]
[Round "6.20"]
[White "Eelco Naarding"]
[Black "Schiebroek, Luc"]
[Result "1/2-1/2"]
[ECO "E12"]
[WhiteElo "1817"]
[BlackElo "1952"]
[Annotator "RC"]
[PlyCount "110"]
[EventDate "2024.10.31"]
[EventType "swiss"]
[EventCountry "NED"]
[SourceTitle "playchess.com"]
[Source "ChessBase"]
[SourceQuality "1"]
[TimeControl "5400+30"]

1. d4 Nf6 2. c4 e6 3. Nc3 Bb4 4. Nf3 b6 5. Bg5 Bb7 6. e3 O-O 7. a3 Bxc3+ 8. bxc3 d6 9. Bd3 Nbd7 10. O-O h6 11. Bh4 e5 12. Nd2 Qe7 13. Be4 Bxe4 14. Nxe4 Qe6 15. Bxf6 Nxf6 16. Nxf6+ Qxf6 17. Qg4 Qe7 18. e4 exd4 19. cxd4 Rae8 20. f3 f5 21. exf5 Qe3+ 22. Kh1 Qd3 23. f6 Rxf6 24. Qd7 Re2 25. Qxc7 Ra2 26. Qxa7 Qxc4 27. Qxb6 Rxg2 28. Qb8+ Kh7 29. Rg1 Rgg6 30. Qb1 Qxd4 31. Qe4 Qxe4 32. fxe4 Re6 33. Rge1 Rg4 34. a4 Rexe4 35. Red1 Rxa4 36. Rxa4 Rxa4 37. Rxd6 Ra2 38. Kg1 h5 39. Rd5 Kh6 40. Rf5 g6 41. Rf2 Rxf2 42. Kxf2 Kg5 43. Kg3 Kf5 44. Kf3 g5 45. Kg3 Ke4 46. Kg2 Ke3 47. Kg3 h4+ 48. Kg4 Kf2 49. Kxg5 h3 50. Kf4 Kg2 51. Ke3 Kxh2 52. Kf2 Kh1 53. Kf1 Kh2 54. Kf2 Kh1 55. Kf1 h2 1/2-1/2

[Event "Amsterdam Chess Open 2024"]
[Site "Amsterdam"]
[Date "2024.11.03"]
[Round "6.21"]
[White "Shakya, Amrit"]
[Black "Alexandrov, Matvey"]
[Result "1/2-1/2"]
[ECO "C25"]
[WhiteElo "1756"]
[BlackElo "1835"]
[Annotator "NA RC"]
[PlyCount "49"]
[EventDate "2024.10.31"]
[EventType "swiss"]
[EventCountry "NED"]
[SourceTitle "playchess.com"]
[Source "ChessBase"]
[SourceQuality "1"]
[TimeControl "5400+30"]

1. e4 e5 2. Nc3 Nc6 3. Bc4 Bc5 4. Qg4 g6 5. Qf3 Qf6 6. Nd5 Qxf3 7. Nxf3 Bb6 8. Ng5 Nh6 9. Nf6+ Kf8 10. O-O Kg7 11. Nd5 d6 12. d3 Na5 13. Bb3 Bd7 14. h3 Nxb3 15. axb3 f6 16. Nf3 c6 17. Nxf6 Be6 18. Bxh6+ Kxh6 19. Ng4+ Kg7 20. Kh1 Rhf8 21. Ne3 Bxh3 22. Nxe5 Bxg2+ 23. Kxg2 dxe5 24. Nc4 Bc7 25. Rh1 1/2-1/2

[Event "Amsterdam Chess Open 2024"]
[Site "Amsterdam"]
[Date "2024.11.03"]
[Round "6.22"]
[White "Alamaki, Jaakko"]
[Black "Siyar Zengin"]
[Result "0-1"]
[ECO "D94"]
[WhiteElo "1816"]
[BlackElo "1749"]
[Annotator "NA RC"]
[PlyCount "128"]
[EventDate "2024.10.31"]
[EventType "swiss"]
[EventCountry "NED"]
[SourceTitle "playchess.com"]
[Source "ChessBase"]
[SourceQuality "1"]
[TimeControl "5400+30"]

1. d4 d5 2. Nf3 Nf6 3. c4 c6 4. Nc3 g6 5. e3 Bg7 6. Be2 O-O 7. h3 Nbd7 8. b3 b6 9. Bb2 Ba6 10. O-O Re8 11. Rc1 e6 12. Qc2 Rc8 13. Rfd1 Qe7 14. cxd5 Bxe2 15. Qxe2 Nxd5 16. Nxd5 exd5 17. Rc2 Rc7 18. Rdc1 Rec8 19. Qd2 Bf8 20. Ne5 Nxe5 21. dxe5 Bg7 22. f4 Bf8 23. Qd3 Qe6 24. g4 Bg7 25. f5 Qe8 26. f6 Bf8 27. e4 dxe4 28. Qxe4 Qe6 29. Rd1 Rd7 30. Qf3 Rcd8 31. Rxd7 Qxd7 32. Kg2 Qd5 33. Rf2 Qxf3+ 34. Kxf3 Bc5 35. Rf1 Rd3+ 36. Ke4 Re3+ 37. Kf4 Rd3 38. h4 Kf8 39. h5 Ke8 40. hxg6 hxg6 41. Rh1 Kd7 42. Rh8 b5 43. Rh2 Ke6 44. Rc2 Rd5 45. b4 Bxb4 46. Rxc6+ Kd7 47. Ra6 Bc5 48. Ke4 Rd1 49. Ba3 Rd4+ 50. Ke3 Ra4+ 51. Bxc5 Rxa6 52. a3 Ra4 53. Kf3 Ke6 54. Bd6 a5 55. g5 b4 56. axb4 axb4 57. Ke3 b3 58. Kd3 Rg4 59. Kc3 Rxg5 60. Kxb3 Rf5 61. Kc3 g5 62. Kd3 g4 63. Ke4 g3 64. Bc5 g2 0-1